Map: Troizinia LE

Players

SwimFish

  • Race: Zerg Zerg
  • Spawn Location: 5:00

kkkk

  • Race: Protoss Protoss
  • Spawn Location: 3:00

IamEXIT

  • Race: Protoss Protoss
  • League: Silver
  • Spawn Location: 5:00

Infamous

  • Race: Protoss Protoss
  • League: Silver
  • Spawn Location: 6:00

Hercules - Winner!

  • Race: Protoss Protoss
  • League: Silver
  • Spawn Location: 12:00

Hangbot - Winner!

  • Race: Protoss Protoss
  • Spawn Location: 9:00

prosecutor - Winner!

  • Race: Zerg Zerg
  • League: Gold
  • Spawn Location: 11:00

Selkar - Winner!

  • Race: Protoss Protoss
  • Spawn Location: 11:00

VOD

Have the link to the VOD?

Description

Time

  • Played on: March 19, 2018, 9:39 a.m.
  • Length: 13:33
Show
View Real Time Build Order
Export as new Build Order

SwimFish Zerg 

Build Orders: Hatch First 

Get SALT Encoding   

  12  0:02  Drone  
  13  0:13  Overlord  
  13  0:28  Drone  
  13  0:32  Drone x2  
  16  0:44  Drone  
  17  0:56  Hatchery  
  16  1:05  Drone x2  
  18  1:12  Extractor  
  17  1:20  Drone, Spawning Pool  
  17  1:27  Drone  
  18  1:37  Drone  
  19  1:46  Overlord  
  19  2:00  Overlord  
  19  2:15  Queen x2  
  21  2:17  Drone x3  
  21  2:21  Metabolic Boost  
  26  2:33  Drone x3  
  29  2:43  Extractor  
  28  2:47  Spore Crawler  
  27  2:54  Spore Crawler  
  26  3:05  Drone x5  
  30  3:06  Drone  
  30  3:11  Lair  
  25  3:47  Drone x2  
  25  3:48  Drone x6  
  31  3:49  Drone  
  31  3:55  Extractor  
  33  4:00  Extractor  
  32  4:03  Spore Crawler  
  31  4:14  Spire  
  30  4:20  Drone x3  
  33  4:29  Spire  
  32  4:31  Spore Crawler  
  31  4:40  Spore Crawler, Drone  
  31  4:44  Drone x2  
  33  4:46  Drone  
  33  4:48  Drone  
  33  4:49  Drone  
  33  4:51  Drone  
  37  4:54  Drone  
  37  4:56  Drone  
  37  4:57  Drone  
  40  5:10  Spore Crawler  
  40  5:13  Drone x2  
  40  5:14  Drone x3  
  43  5:19  Overlord  
  44  5:23  Overlord  
  44  5:41  Mutalisk x3  
  44  5:42  Mutalisk  
  13  6:12  Drone x2  
  9  6:48  Drone x5  
  9  6:49  Drone x2  
  16  7:07  Spine Crawler  
  15  7:15  Spine Crawler  
  14  7:24  Drone x2  
  16  7:43  Zerg Flyer Weapons Level 1  
  16  7:44  Zerg Flyer Armor Level 1  
  16  7:51  Drone x4  
  17  7:52  Drone x2  
  17  7:57  Queen  
  24  8:01  Queen  
  24  8:05  Mutalisk x2  
  30  8:21  Drone x2  
  32  8:43  Drone x4  
  34  9:10  Mutalisk  
  34  9:12  Overlord  
  34  9:13  Overlord x2  
  32  9:24  Spine Crawler  
  32  9:27  Drone x5  
  32  9:29  Overlord x2  
  36  9:46  Queen  
  36  9:47  Queen  
  36  9:48  Mutalisk x3  
Show
View Real Time Build Order
Export as new Build Order

kkkk Protoss 

Build Orders:  

Get SALT Encoding   

  12  0:23  Probe  
  13  0:30  Pylon  
  13  0:35  Probe  
  14  0:36  Assimilator  
  14  0:47  Probe  
  15  0:51  Gateway  
  15  1:03  Forge  
  15  1:07  Probe  
  16  1:19  Probe  
  16  1:23  Assimilator  
  17  1:31  Probe  
  18  1:37  Pylon  
  18  1:43  Probe  
  19  1:55  Probe  
  20  2:05  Cybernetics Core  
  20  2:07  Probe  
  21  2:09  Photon Cannon  
  21  2:19  Probe  
  22  2:31  Probe  
  22  2:34  Photon Cannon  
  23  2:44  Stargate  
  23  2:47  Stargate  
  23  2:59  Photon Cannon  
  23  3:09  Pylon  
  23  3:13  Pylon  
  23  3:52  Void Ray x2  
  31  4:35  Pylon, Void Ray x2  
  39  4:40  Pylon  
  39  4:55  Photon Cannon  
  39  5:16  Void Ray x2 (Chrono Boost)  
  39  5:18  Pylon  
  47  5:45  Pylon  
  47  7:01  Void Ray x2  
  55  7:23  Nexus  
  55  7:25  Photon Cannon  
  55  7:26  Photon Cannon  
  55  7:30  Assimilator  
  55  7:43  Void Ray  
  55  7:44  Void Ray  
Show
View Real Time Build Order
Export as new Build Order

IamEXIT Protoss 

Build Orders: Zealot Archon, Dark Templar Rush 

Get SALT Encoding   

  12  0:01  Probe (Chrono Boost)  
  13  0:10  Probe (Chrono Boost)  
  14  0:17  Pylon  
  14  0:21  Probe  
  15  0:32  Assimilator  
  16  0:35  Probe  
  16  0:43  Gateway  
  16  0:51  Probe  
  17  1:03  Probe, Assimilator  
  18  1:07  Pylon  
  18  1:19  Probe  
  19  1:30  Cybernetics Core  
  19  1:32  Probe  
  20  1:44  Probe  
  21  1:50  Gateway  
  21  1:56  Probe  
  22  2:08  Twilight Council  
  22  2:15  Forge  
  22  2:21  Warp Gate (Chrono Boost)  
  22  2:36  Probe  
  23  2:48  Dark Shrine  
  23  3:00  Gateway x2  
  23  3:09  Photon Cannon, Charge  
  23  3:12  Gateway  
  23  3:19  Protoss Shields Level 1 (Chrono Boost)  
  23  3:30  Probe  
  24  3:40  Photon Cannon  
  23  4:01  Probe  
  23  4:02  Pylon  
  24  4:31  Dark Templar x4  
  32  4:38  Pylon  
  32  4:48  Photon Cannon  
  32  4:55  Pylon  
  32  5:11  Pylon  
  32  5:23  Dark Templar x2  
  32  5:24  Zealot  
  32  5:25  Zealot  
  40  5:46  Zealot x2  
  44  5:52  Archon x3  
  44  5:55  Pylon  
  44  6:00  Stalker x2  
  48  6:09  Pylon  
Show
View Real Time Build Order
Export as new Build Order

Infamous Protoss 

Build Orders:  

Get SALT Encoding   

  12  0:06  Probe  
  13  0:16  Pylon  
  13  0:18  Probe  
  14  0:30  Probe  
  15  0:38  Gateway  
  15  0:42  Probe (Chrono Boost)  
  16  0:54  Probe (Chrono Boost)  
  16  0:55  Assimilator  
  17  0:59  Probe (Chrono Boost)  
  18  1:09  Probe  
  19  1:20  Pylon  
  19  1:21  Probe  
  20  1:31  Cybernetics Core  
  20  1:35  Probe  
  20  1:47  Probe  
  20  1:50  Assimilator  
  21  2:04  Gateway  
  21  2:10  Robotics Facility  
  21  2:11  Probe, Warp Gate (Chrono Boost)  
  22  2:22  Adept  
  24  2:24  Probe  
  25  2:33  Pylon  
  25  2:36  Pylon  
  25  2:50  Probe  
  26  2:52  Pylon, Adept  
  29  2:58  Observer  
  29  3:02  Probe  
  30  3:10  Robotics Facility  
  30  3:16  Probe  
  31  3:36  Probe  
  32  3:51  Nexus  
  32  3:55  Pylon  
  32  3:57  Pylon  
  32  4:02  Robotics Bay  
  32  4:15  Gateway  
  32  4:18  Probe  
  33  4:30  Probe  
  34  4:31  Pylon  
  34  4:34  Stalker  
  34  4:36  Forge  
  34  4:37  Sentry  
  38  4:51  Disruptor (Chrono Boost)  
  38  4:58  Probe  
  42  5:10  Probe  
  42  5:11  Probe  
  44  5:16  Protoss Ground Weapons Level 1 (Chrono Boost)  
  44  5:19  Assimilator, Disruptor (Chrono Boost)  
  44  5:24  Assimilator  
  47  5:35  Stalker x2  
  51  5:50  Probe  
  51  5:52  Probe  
  51  6:02  Probe  
  52  6:04  Probe  
  53  6:12  Disruptor (Chrono Boost)  
  53  6:13  Disruptor (Chrono Boost)  
  59  6:26  Gateway x2  
  59  6:27  Sentry  
  59  6:28  Stalker x2  
  59  6:29  Gateway  
  59  6:32  Probe x2  
  67  6:46  Forge  
  67  7:05  Zealot x3  
  73  7:08  Probe  
  73  7:09  Probe  
  73  7:10  Protoss Ground Armor Level 1 (Chrono Boost)  
  73  7:14  Disruptor x2  
  81  7:23  Protoss Shields Level 1 (Chrono Boost)  
  67  7:38  Stalker x2  
  57  7:54  Zealot  
  57  7:55  Zealot x3  
  65  8:00  Probe  
  65  8:01  Probe  
  67  8:09  Stalker x2  
  71  8:23  Photon Cannon  
  71  8:26  Shield Battery  
  71  8:32  Photon Cannon  
  71  8:34  Shield Battery  
  71  8:35  Stalker x2  
  71  8:36  Stalker x4  
  83  8:48  Pylon  
  83  8:51  Pylon  
  83  8:53  Gateway  
  83  8:55  Gateway  
  89  8:58  Colossus (Chrono Boost), Probe x2  
  91  9:05  Colossus (Chrono Boost), Stalker  
  91  9:06  Stalker  
  101  9:15  Pylon  
  101  9:17  Pylon  
  101  9:19  Stalker x4  
  109  9:38  Twilight Council  
  109  9:39  Colossus (Chrono Boost)  
  109  9:43  Stalker x2  
  109  9:44  Stalker x3  
  125  10:19  Pylon  
  106  10:58  Stalker x4  
  114  11:06  Pylon  
  114  11:10  Pylon  
  114  11:11  Pylon  
  114  11:14  Probe x2  
  116  11:28  Zealot x5  
  116  11:29  Nexus  
  116  11:32  Pylon  
  126  11:34  Pylon  
  126  11:36  Pylon  
  126  11:40  Assimilator  
  126  11:45  Assimilator  
  126  11:47  Charge (Chrono Boost)  
  126  12:04  Stalker x3  
  126  12:05  Stalker x2  
  126  12:06  Stalker  
  132  12:37  Pylon  
  132  12:44  Probe (Chrono Boost)  
  129  12:56  Probe (Chrono Boost)  
  129  12:57  Probe (Chrono Boost)  
  129  12:58  Probe (Chrono Boost)  
  106  13:03  Stalker x3  
  106  13:04  Stalker  
Show
View Real Time Build Order
Export as new Build Order

Hercules Protoss - Winner!

Build Orders:  

Get SALT Encoding   

  12  0:06  Probe  
  13  0:24  Probe (Chrono Boost)  
  14  0:31  Pylon  
  15  0:36  Probe (Chrono Boost)  
  15  0:47  Assimilator  
  15  0:49  Probe  
  16  0:52  Gateway  
  16  1:03  Gateway  
  16  1:07  Probe  
  17  1:16  Pylon  
  17  1:19  Probe  
  18  1:31  Probe  
  19  1:34  Forge  
  19  1:42  Cybernetics Core  
  19  1:54  Pylon  
  19  1:58  Probe  
  20  2:06  Assimilator  
  20  2:10  Probe  
  21  2:20  Photon Cannon  
  21  2:26  Photon Cannon  
  21  2:29  Probe  
  22  2:34  Stalker  
  24  2:41  Probe  
  25  2:45  Stalker  
  27  3:05  Stalker  
  29  3:23  Nexus  
  29  3:37  Stalker  
  31  3:42  Stalker  
  33  3:59  Pylon  
  33  4:06  Photon Cannon  
  33  4:08  Stalker  
  35  4:15  Pylon  
  35  4:19  Probe (Chrono Boost)  
  36  4:40  Robotics Facility  
  36  4:46  Stargate  
  36  4:49  Probe (Chrono Boost)  
  38  5:01  Probe (Chrono Boost)  
  38  5:03  Stalker  
  38  5:06  Probe (Chrono Boost)  
  40  5:10  Stalker  
  43  5:16  Probe  
  44  5:28  Probe, Observer  
  46  5:35  Void Ray  
  50  5:49  Observer (Chrono Boost)  
  51  6:02  Probe  
  52  6:08  Assimilator  
  52  6:10  Assimilator  
  52  6:12  Probe  
  52  6:14  Probe  
  52  6:16  Protoss Shields Level 1  
  54  6:22  Void Ray  
  54  6:24  Probe  
  59  6:26  Probe  
  60  6:38  Probe  
  61  6:48  Immortal  
  61  6:50  Probe  
  66  6:54  Stalker  
  66  6:55  Stalker  
  70  9:07  Pylon  
  70  9:10  Pylon  
  70  9:13  Photon Cannon  
  70  9:16  Pylon  
  70  9:20  Pylon  
  70  9:25  Void Ray  
  70  9:28  Stalker  
  70  9:29  Stalker  
  78  9:34  Protoss Ground Weapons Level 1  
  78  9:36  Protoss Air Weapons Level 1  
  78  9:40  Immortal  
  76  10:08  Void Ray  
  80  10:19  Immortal  
  84  10:26  Stalker x2  
  85  10:51  Pylon, Void Ray  
  85  10:54  Pylon  
  85  10:55  Pylon  
  85  10:56  Stalker x2  
  85  10:57  Pylon  
  92  10:58  Immortal  
  96  11:26  Stalker x2  
  100  11:33  Protoss Ground Armor Level 1  
  100  11:34  Void Ray  
  100  11:35  Protoss Air Armor Level 1  
  100  11:38  Immortal  
  108  11:41  Fleet Beacon  
  108  11:45  Twilight Council  
  104  11:56  Stalker x2  
  86  12:16  Void Ray  
  86  12:17  Immortal  
  74  12:39  Stargate  
  74  12:41  Stargate  
  74  12:48  Stargate  
  74  12:52  Stargate  
  82  12:59  Stalker  
  82  13:00  Stalker  
Show
View Real Time Build Order
Export as new Build Order

Hangbot Protoss - Winner!

Build Orders:  

Get SALT Encoding   

  12  0:02  Probe  
  13  0:15  Pylon  
  13  0:17  Probe (Chrono Boost)  
  15  0:29  Probe (Chrono Boost)  
  15  0:34  Probe (Chrono Boost)  
  15  0:39  Gateway  
  16  0:44  Probe  
  17  0:58  Assimilator  
  17  1:00  Probe (Chrono Boost), Pylon  
  19  1:12  Probe (Chrono Boost)  
  19  1:16  Probe (Chrono Boost)  
  20  1:26  Probe  
  20  1:27  Cybernetics Core  
  20  1:29  Zealot  
  23  1:38  Probe  
  24  1:47  Gateway, Assimilator  
  24  1:50  Probe  
  25  1:56  Zealot  
  27  2:03  Probe, Warp Gate (Chrono Boost)  
  28  2:15  Probe, Gateway  
  29  2:25  Twilight Council  
  31  2:30  Adept  
  31  2:43  Pylon  
  31  3:00  Stalker, Charge (Chrono Boost)  
  33  3:16  Nexus  
  33  3:40  Robotics Facility  
  33  3:46  Gateway  
  33  3:52  Stalker x2  
  37  4:07  Assimilator  
  37  4:14  Adept  
  39  4:28  Resonating Glaives (Chrono Boost)  
  41  4:44  Immortal (Chrono Boost)  
  43  4:50  Adept  
  43  4:51  Adept x2  
  49  4:52  Zealot  
  51  5:00  Probe (Chrono Boost)  
  52  5:11  Probe (Chrono Boost)  
  53  5:16  Probe (Chrono Boost)  
  54  5:27  Pylon  
  54  5:45  Probe, Observer (Chrono Boost)  
  56  5:57  Stalker x3  
  62  6:05  Pylon  
  62  6:06  Pylon  
  62  6:08  Pylon  
  62  6:10  Pylon  
  46  6:38  Immortal (Chrono Boost)  
  46  6:45  Stalker x4  
  58  6:49  Probe  
  59  7:01  Probe  
  60  7:10  Immortal  
  60  7:13  Probe  
  65  7:26  Probe  
  52  7:56  Stalker x4  
  50  8:12  Immortal (Chrono Boost)  
  53  8:20  Zealot  
  53  8:21  Zealot x3  
  61  8:33  Assimilator  
  61  8:34  Probe (Chrono Boost)  
  62  8:42  Immortal (Chrono Boost)  
  62  8:43  Probe (Chrono Boost)  
  67  8:48  Probe (Chrono Boost)  
  68  8:57  Zealot x4  
  68  9:00  Probe  
  77  9:13  Immortal (Chrono Boost)  
  81  9:31  Stalker x2  
  85  9:32  Nexus  
  85  9:35  Stalker  
  87  9:41  Stalker  
  89  9:47  Immortal (Chrono Boost)  
  93  10:43  Immortal  
  45  11:05  Dark Shrine  
  45  11:16  Stalker  
  45  11:17  Stalker x3  
  53  11:23  Immortal (Chrono Boost)  
  57  11:46  Nexus  
  57  11:56  Assimilator  
  57  12:00  Observer (Chrono Boost)  
  57  12:01  Assimilator  
  58  12:05  Zealot x4  
  67  12:16  Observer (Chrono Boost)  
  67  12:28  Immortal  
  71  12:49  Probe (Chrono Boost)  
  73  12:59  Probe (Chrono Boost)  
  73  13:04  Probe (Chrono Boost)  
  78  13:15  Probe  
Show
View Real Time Build Order
Export as new Build Order

prosecutor Zerg - Winner!

Build Orders: Pool First 

Get SALT Encoding   

  12  0:13  Drone x2  
  14  0:19  Overlord  
  14  0:40  Drone x2  
  16  0:57  Drone  
  16  0:58  Drone  
  18  1:09  Drone  
  19  1:19  Drone  
  20  1:25  Spawning Pool  
  20  1:30  Extractor  
  18  1:33  Drone, Extractor, Hatchery  
  17  1:40  Overlord  
  17  1:51  Overlord  
  17  2:09  Overlord  
  17  2:44  Spine Crawler  
  17  2:47  Zergling x2  
  17  2:48  Zergling x4  
  17  2:49  Metabolic Boost  
  19  2:56  Evolution Chamber  
  18  3:00  Queen  
  18  3:03  Drone x2  
  22  3:10  Zergling x4  
  24  3:16  Evolution Chamber  
  23  3:22  Drone  
  24  3:28  Drone  
  25  3:39  Zerg Melee Weapons Level 1  
  25  3:48  Zerg Ground Armor Level 1  
  25  3:53  Drone  
  25  3:55  Drone  
  27  4:02  Zergling x4  
  29  4:05  Zergling x2  
  29  4:09  Drone  
  31  4:12  Drone  
  31  4:16  Zergling x2  
  33  4:23  Drone  
  34  4:28  Drone  
  34  4:29  Queen  
  37  4:42  Zergling x8  
  37  4:45  Spore Crawler  
  40  4:52  Drone x2  
  42  5:12  Zergling x4  
  42  5:13  Zergling x8  
  38  5:27  Zergling x2  
  21  6:47  Zergling x4  
  21  6:48  Zergling x4  
  23  7:03  Zergling x4  
  25  7:14  Hatchery  
  24  7:18  Drone x4  
  28  7:30  Drone  
  29  8:04  Hatchery  
  28  8:05  Zergling x2  
  28  8:06  Zergling x6  
  28  8:09  Hatchery  
  31  8:14  Zergling x2  
  32  8:27  Zergling x2  
  33  8:36  Drone  
  33  8:39  Drone x3  
  33  8:40  Drone  
  38  8:44  Overlord  
  38  8:47  Lair  
  38  8:52  Spore Crawler, Drone  
  38  8:55  Drone  
  30  9:17  Drone x2, Spore Crawler  
  30  9:21  Zergling x2  
  30  9:22  Zergling x8  
  35  9:39  Zergling x4  
  35  9:42  Zergling x2  
  35  9:43  Zergling x2  
  39  9:58  Drone  
  39  9:59  Drone  
  41  10:24  Overseer  
  30  11:29  Drone x3  
  33  11:43  Zergling x2  
  33  11:44  Zergling x4  
  36  12:32  Drone x3  
  36  12:35  Drone  
  36  12:36  Drone x2  
Show
View Real Time Build Order
Export as new Build Order

Selkar Protoss - Winner!

Build Orders: Nexus First 

Get SALT Encoding   

  12  0:08  Probe  
  13  0:20  Probe  
  14  0:32  Probe  
  15  0:52  Nexus  
  15  1:07  Pylon  
  15  1:12  Pylon  
  15  1:17  Pylon  
  15  1:25  Probe  
  16  1:33  Forge  
  16  1:38  Probe  
  17  1:50  Probe  
  18  2:02  Probe  
  18  2:03  Gateway  
  18  2:07  Assimilator  
  19  2:14  Probe, Assimilator  
  20  2:24  Photon Cannon  
  20  2:26  Probe  
  21  2:31  Photon Cannon  
  21  2:38  Probe  
  21  2:39  Photon Cannon  
  22  2:57  Photon Cannon  
  22  3:06  Photon Cannon  
  22  3:11  Photon Cannon  
  22  3:16  Cybernetics Core  
  22  3:18  Photon Cannon  
  22  3:25  Photon Cannon  
  22  3:34  Probe  
  23  3:45  Probe  
  23  3:46  Probe  
  25  3:57  Probe  
  25  3:59  Probe  
  27  4:05  Assimilator  
  27  4:09  Probe  
  28  4:11  Probe, Assimilator  
  28  4:15  Pylon  
  29  4:18  Pylon  
  29  4:21  Probe  
  29  4:23  Probe, Pylon  
  31  4:29  Pylon  
  31  4:34  Probe  
  31  4:35  Probe  
  33  4:46  Probe  
  33  4:47  Probe  
  35  4:58  Probe  
  35  4:59  Probe  
  37  5:06  Stargate  
  37  5:08  Stargate  
  37  5:10  Probe  
  37  5:11  Probe  
  39  5:14  Stargate  
  39  5:21  Stargate  
  39  5:22  Probe  
  39  5:23  Probe  
  41  5:31  Protoss Air Weapons Level 1  
  41  5:34  Probe  
  42  5:35  Probe, Stalker  
  45  5:46  Probe  
  46  5:54  Void Ray x2 (Chrono Boost)  
  54  5:58  Probe  
  54  6:04  Void Ray (Chrono Boost)  
  59  6:15  Void Ray (Chrono Boost)  
  63  6:32  Void Ray (Chrono Boost)  
  67  6:43  Void Ray  
  71  7:07  Void Ray  
  75  7:20  Void Ray  
  79  7:25  Void Ray  
  79  9:40  Void Ray (Chrono Boost)  
  83  9:48  Pylon  
  83  9:50  Pylon  
  83  9:51  Pylon  
  83  9:53  Pylon  
  83  9:56  Pylon  
  83  9:59  Pylon  
  83  10:00  Pylon  
  83  10:02  Pylon, Void Ray x2 (Chrono Boost)  
  83  10:05  Pylon  
  91  10:08  Pylon  
  91  10:12  Void Ray (Chrono Boost)  
  91  10:20  Void Ray (Chrono Boost)  
  95  10:37  Void Ray  
  95  10:38  Void Ray  
  103  10:48  Void Ray  
  107  10:55  Void Ray  
  111  11:20  Void Ray  
  111  11:21  Void Ray  
  119  11:31  Void Ray  
  123  11:38  Void Ray  
  123  12:03  Void Ray  
Tags
 
Add a new tag
Caveats
  • Supply blocks, unpowered buildings, or Contaminate may cause inaccurate times.
  • Supply counts are checked every 10 seconds.